 Dungeon Crawl Stone Soup version 0.31-a0-1570-g93c622d222 (webtiles) character file.

Game seed: 17770968569681903360

227 voltaire321 the Chiller (level 5, -5/38 HPs)
             Began as a Demonspawn Ice Elementalist on Jan 4, 2024.
             Slain by an ogre
             ... wielding a +0 giant club
              (25 damage)
             ... on level 4 of the Dungeon.
             The game lasted 00:07:39 (3292 turns).

voltaire321 the Chiller (DsIE)                      Turns: 3292, Time: 00:07:40

Health: -5/38      AC: 12    Str: 10    XL:     5   Next: 70%
Magic:  2/9        EV: 12    Int: 15    God:
Gold:   107        SH:  0    Dex: 14    Spells: 3/10 levels left

rFire   . . .        c - +0 dagger
rCold   . . .        (no shield)
rNeg    . . .        a - +0 robe
rPois   +            (no helmet)
rElec   .            (no cloak)
rCorr   .            (no gloves)
SInv    .            (no boots)
Will    .....        (no amulet)
Stlth   ++           d - ring of poison resistance
HPRegen 0.26/turn    i - +4 ring of protection
MPRegen 0.11/turn

%: no passive effects
@: ice-armoured, freezing walls
A: hooves 1, demonic guardian 1, sturdy frame 1
a: no special abilities


You were on level 4 of the Dungeon.
You visited 1 branch of the dungeon, and saw 4 of its levels.

You collected 107 gold pieces.

Inventory:

Hand Weapons
 c - a +0 dagger (weapon)
 j - a +0 rapier
Armour
 a - a +0 robe (worn)
Jewellery
 d - a ring of poison resistance (left hand)
 i - a +4 ring of protection (right hand)
 k - an amulet of guardian spirit
 s - the ring of Orefrupy {rF+ rC+ Dex+6}
   (You found it on level 3 of the Dungeon)

   [ring of dexterity]

   Dex+6:     It affects your dexterity (+6).
   rF+:       It protects you from fire.
   rC+:       It protects you from cold.
 t - a ring of resist corrosion
Scrolls
 f - a scroll of identify {unknown}
 g - a scroll of immolation {unknown}
 m - a scroll of brand weapon {unknown}
 p - a scroll of blinking {unknown}
 q - 2 scrolls of teleportation {unknown}
 r - a scroll of vulnerability {unknown}
 u - a scroll of enchant weapon {unknown}
Potions
 b - a potion of magic
 e - a potion of attraction {unknown}
 h - a potion of enlightenment {unknown}
 l - a potion of curing {unknown}
 n - a potion of resistance {unknown}
 o - a potion of haste {unknown}


   Skills:
 + Level 2.3 Fighting
 + Level 2.0 Armour
 + Level 2.8 Dodging
 - Level 1.7 Stealth
 + Level 3.0 Spellcasting
 + Level 4.3 Ice Magic


You had 3 spell levels left.
You knew the following spells:

 Your Spells              Type           Power      Damage    Failure   Level
a - Freeze                Ice            60%        1d7       3%          1
b - Frozen Ramparts       Ice            30%        1d5       11%         3
c - Ozocubu's Armour      Ice            15%        N/A       11%         3

Your spell library contained the following spells:

 Spells                   Type           Power      Damage    Failure   Level
 Kiss of Death            Conj/Necr      8%         2d6       21%         1
 Hailstorm                Conj/Ice       8%         3d5       26%         3
 Summon Ice Beast         Ice/Summ       8%         N/A       26%         3
 Call Imp                 Summ           4%         N/A       30%         2
 Sublimation of Blood     Necr           2%         N/A       30%         2
 Confusing Touch          Hex            2%         N/A       52%         3
 Dispel Undead            Necr           2%         3d7       89%         4
 Sculpt Simulacrum        Ice/Alch       4%         N/A       100%        6
 Summon Hydra             Summ           1%         N/A       100%        7


Dungeon Overview and Level Annotations

Branches:
Dungeon (4/15)
 Temple: D:4-7

Altars:
Ashenzari
Qazlal

Shops:
D:2 (


Innate Abilities, Weirdness & Mutations

You have large cloven feet.
A weak demonic guardian rushes to your aid.
Your movements are slightly less encumbered by armour. (ER -2)


Message History

The dart slug is moderately wounded.
The dart slug launches a dart at you.
The slug dart hits you but does no damage.
Aiming: Freeze (safe; 3% risk of failure)
Press: ? - help, Q - select action, (/) - cycle Shift-Dir - straight line, f - dart slug
Aim: a dart slug (moderately wounded)
You freeze the dart slug.
The dart slug is almost dead.
Aiming: Freeze (safe; 3% risk of failure)
Press: ? - help, Q - select action, (/) - cycle Shift-Dir - straight line, f/p - dart slug
Aim: a dart slug (almost dead)
You freeze the dart slug.
You kill the dart slug!
Found a stone staircase leading down.
u - a scroll labelled HINESA QAYBB You see here 3 stones.
An ogre and a hobgoblin come into view.
You see here a scroll labelled MALIOS USTROXE.
The helpless ogre fails to defend itself.
You puncture the ogre!
The ogre is moderately wounded.
The ogre hits you with a +0 giant club!!
Ouch! That really hurt!
Casting: Freeze (safe; 3% risk of failure)
Confirm with . or Enter, or press ? or * to list all spells.
Casting: Frozen Ramparts (dangerous; 11% risk of failure)
Press: ? - help, Dir - look around, f - activate The walls around you are covered in ice.
Casting: Frozen Ramparts (dangerous; 11% risk of failure)
Confirm with . or Enter, or press ? or * to list all spells.
A film of ice covers your body!
The wall freezes the ogre.
The ogre misses you.
Aiming: Freeze (safe; 3% risk of failure)
Press: ? - help, Q - select action, (/) - cycle Shift-Dir - straight line, f - ogre
Aim: an ogre, wielding a +0 giant club (moderately wounded)
You freeze the ogre.
The ogre is heavily wounded.
The wall freezes the ogre.
The ogre hits you with a +0 giant club!!
Ouch! That really hurt!
You die...

..........#......#
..........#......#
......... #......#
.#.......##......#
##.#####.........#
...# #.......>.# ..##
#...(.....# #..#
#.........#
##.#.......#####@####
# ...##.#.. #..O...#
. .....#..#........#
% .... #...#.......#
.. .. ...g.#......#
.. ##..#.#......# ..
# . ######## .. . ..


You could see an ogre and a hobgoblin (asleep).

Vanquished Creatures
  A scorpion (D:3)
  2 iguanas (D:4)
  3 adders
  2 ribbon worms (D:2)
  2 dart slugs (D:4)
  An orc (D:3)
  6 bats
  6 endoplasms
  5 giant cockroaches
  8 goblins
  5 hobgoblins
  6 jackals (D:2)
  3 kobolds
  2 quokkas
  9 ball pythons
  5 frilled lizards
  9 rats
75 creatures vanquished.

Notes
Turn   | Place    | Note
-------+----------+-------------------------------------------
     0 | D:1      | voltaire321 the Demonspawn Ice Elementalist began the quest
                  | for the Orb.
     0 | D:1      | Reached XP level 1. HP: 13/13 MP: 3/3
   140 | D:1      | Gained mutation: A weak demonic guardian rushes to your
                  | aid. [demonic ancestry]
   140 | D:1      | Reached XP level 2. HP: 8/20 MP: 0/5
   491 | D:1      | Reached skill level 1 in Fighting
   495 | D:1      | Gained mutation: You have large cloven feet. [demonic
                  | ancestry]
   495 | D:1      | Reached XP level 3. HP: 26/26 MP: 1/6
  1000 | D:2      | Learned a level 3 spell: Frozen Ramparts
  1057 | D:2      | Reached skill level 1 in Armour
  1743 | D:2      | Found a faded altar of an unknown god.
  1775 | D:2      | Found Igraewke's Weapon Shop.
  2059 | D:2      | Reached skill level 4 in Ice Magic
  2059 | D:2      | Gained mutation: Your movements are slightly less
                  | encumbered by armour. (ER -2) [demonic ancestry]
  2059 | D:2      | Reached XP level 4. HP: 32/32 MP: 3/7
  2463 | D:3      | Identified the ring of Orefrupy {rF+ rC+ Dex+6}
  2546 | D:3      | Found a broken altar of Ashenzari.
  2549 | D:3      | Found a stormy altar of Qazlal.
  2830 | D:3      | Noticed a scorpion
  2844 | D:3      | Killed a scorpion
  2845 | D:3      | Reached XP level 5. HP: 32/38 MP: 0/9
  3131 | D:4      | Learned a level 3 spell: Ozocubu's Armour
  3286 | D:4      | Noticed an ogre
  3292 | D:4      | Slain by an ogre

Illustrated notes

Levels and vault maps discovered:
D:1:      mrwooster_arrival_arrow, layout_rooms, minmay_fountain_box,
          minmay_tromino_v4_b
D:2:      minmay_chambers_of_ones, layout_basic, serial_shops,
          nicolae_shop_trees, chequers_ecumenical_altar_simple
D:3:      layout_basic, mainiacjoe_overflow_catwalk_spiral
D:4:      layout_rooms, serial_shops, nicolae_shop_window_shopping

Skill      XL: |  1  2  3  4  5 |
---------------+----------------+-----
Dodging        | 2 |  2.8
Fighting       | 1 2 |  2.3
Armour         | 1 2 |  2.0
Ice Magic      | 4 |  4.3
Spellcasting   | 3 |  3.0
Stealth        | |  1.7

Action                     |  1- 3 |  4- 6 || total
---------------------------+-------+-------++-------
  Melee: Dagger            |    64 |    20 ||    84
         Punch             |     4 |       ||     4
         Kick              |     7 |     7 ||    14
   Cast: Freeze            |    56 |    42 ||    98
         Frozen Ramparts   |     1 |     4 ||     5
         Ozocubu's Armour  |       |     1 ||     1
   Stab: Distracted        |     1 |       ||     1
         Sleeping          |     5 |     1 ||     6
 Armour: Robe              |    60 |    26 ||    86
  Dodge: Dodged            |    81 |    32 ||   113

Table legend: (Time is in decaauts)
 A = Elapsed time spent in this place.
 B = Non-inter-level travel time spent in this place.
 C = Inter-level travel time spent in this place.
 D = Time resting spent in this place.
 E = Time spent auto-exploring this place.
 F = Levels seen in this place.
 G = Mean time per level.
                   A        B        C        D        E       F      G
               +--------+--------+--------+--------+--------+-----+--------+
         Total |   3289 |   3243 |     46 |    645 |   1942 |   4 |  822.2 |
       Dungeon |   3289 |   3243 |     46 |    645 |   1942 |   4 |  822.2 |
               +--------+--------+--------+--------+--------+-----+--------+

Top non-repeatable levels by time:
     D:2: 1412 daAuts
     D:1: 802 daAuts
     D:3: 794 daAuts
     D:4: 280 daAuts
